 Dungeon Crawl Stone Soup version 0.21.1-1-g345015f (webtiles) character file.

51 Iko the Insei (level 3, -5/30 HPs)
             Began as a Gnoll Transmuter on May 2, 2018.
             Was an Initiate of Yredelemnul.
             Slain by a gnoll
             ... wielding a +0 halberd
              (11 damage)
             ... on level 4 of the Dungeon.
             The game lasted 00:09:24 (969 turns).

Iko the Insei (Gnoll Transmuter)                     Turns: 969, Time: 00:09:24

Health: -5/30      AC: 10    Str: 12 (13) XL:     3   Next: 83%
Magic:  8/9        EV:  3    Int: 13      God:    Yredelemnul [......]
Gold:   75         SH:  0    Dex: 12 (15) Spells: 9/12 levels left

rFire    . . .     SeeInvis .   b - +0 mace
rCold    . . .     Gourm    .   (no shield)
rNeg     . . .     Faith    .   j - +0 plate armour
rPois    .         Spirit   .   (helmet restricted)
rElec    .         Reflect  .   (no cloak)
rCorr    .         Harm     .   (no gloves)
MR       .....                  (no boots)
Stlth    ..........             (no amulet)
HPRegen  0.10/turn              (no ring)
MPRegen  0.11/turn              (no ring)

@: very slightly contaminated
A: distributed training, antennae 1, fangs 1, dopey 1, robust 1, wild magic 1,
strong nose
a: Renounce Religion


You were on level 4 of the Dungeon.
You worshipped Yredelemnul.
Yredelemnul was noncommittal.
You were not hungry.

You visited 1 branch of the dungeon, and saw 4 of its levels.

You collected 75 gold pieces.

Inventory:

Hand Weapons
 b - a +0 mace (weapon)
Missiles
 a - 12 arrows
Armour
 e - a +2 helmet
 j - a +0 plate armour (worn)
Scrolls
 i - 3 scrolls of blinking
Potions
 f - a potion of agility
 h - a potion of mutation
Books
 c - a book of Changes

   Spells                             Type                      Level
   a - Beastly Appendage              Transmutation                1
   b - Sticks to Snakes               Transmutation                2
   c - Spider Form                    Transmutation/Poison         3
   d - Ice Form                       Ice/Transmutation            4
   e - Blade Hands                    Transmutation                5
Comestibles
 d - 3 rations


   Skills:
 + Level 2.6 Fighting
 + Level 0.9 Short Blades
 + Level 0.9 Long Blades
 + Level 0.9 Axes
 + Level 0.9 Maces & Flails
 + Level 0.9 Polearms
 + Level 0.9 Staves
 + Level 0.9 Slings
 + Level 0.9 Bows
 + Level 0.9 Crossbows
 + Level 0.9 Throwing
 + Level 0.9 Armour
 + Level 4.5 Dodging
 + Level 0.9 Stealth
 + Level 0.9 Shields
 + Level 6.5 Unarmed Combat
 + Level 5.0 Spellcasting
 + Level 0.6 Conjurations
 + Level 0.6 Hexes
 + Level 0.6 Charms
 + Level 0.6 Summonings
 + Level 0.6 Necromancy
 + Level 0.6 Translocations
 + Level 3.8 Transmutations
 + Level 0.6 Fire Magic
 + Level 0.6 Ice Magic
 + Level 0.6 Air Magic
 + Level 0.6 Earth Magic
 + Level 0.6 Poison Magic
 + Level 1.0 Invocations
 + Level 0.9 Evocations


You had 9 spell levels left.
You knew the following spells:

 Your Spells              Type           Power        Failure   Level  Hunger
a - Beastly Appendage     Tmut           ###...       100%        1    None
b - Sticks to Snakes      Tmut           ###.....     100%        2    ##.....


Dungeon Overview and Level Annotations

Branches:
Dungeon (4/15)
 Temple: D:4-7

Altars:
Yredelemnul

Annotations:
D:4 1 transporter


Innate Abilities, Weirdness & Mutations

Your experience applies equally to all skills.
You have very sharp teeth.
Your uncanny sense of smell can sniff out nearby items.
You have a pair of small antennae on your head.
You are dopey. (Int -2)
You are robust. (+10% HP)
Your spells are a little harder to cast, but a little more powerful.


Message History

A gnoll comes into view. It is wielding a halberd.
The gnoll shouts!
You hear a shout!
A gnoll comes into view. It is wielding a spear.
The gnoll shouts!
You see here a ration.
d - 3 rations (gained 1)
A gnoll comes into view. It is wielding a club.
Found a transporter.
Found a lead wand.
The gnoll hits you with a halberd.
* * * LOW HITPOINT WARNING * * *
Casting: Beastly Appendage
Confirm with . or Enter, or press ? or * to list all spells.
You miscast Beastly Appendage.
You are very lightly contaminated with residual magic.
You smell something strange.
The gnoll hits you but does no damage.
You hit the gnoll but do no damage. The gnoll hits you but does no damage.
The gnoll hits you with a halberd!
You die...
Your body rises from the dead as a mindless zombie.

###..## ####### ###..#
....... #...## .#
######. ##...# g#
..#P8#. #....## ..#
≈≈#.P#.###....)####..#
..#..#..##..##.......##
..+/©#©..#..##...g....##
..#..#..@ggg#...........
≈≈#.P#.###..............
.5#P8#. #..............
######. #.###.....####.
....... #..# ##...##
.###### #.## ##..# ..
#.... ..# ....## ..#
..###


You could see 3 gnolls and a shadow imp.

Vanquished Creatures
  A worker ant (D:4)
  An adder (D:3)
  An ooze (D:1)
  2 orcs (D:4)
  A bat (D:1)
  A goblin (D:1)
  2 hobgoblins
  2 kobolds (D:1)
  A frilled lizard (D:1)
  2 rats (D:2)
14 creatures vanquished.

Notes
Turn   | Place    | Note
-------+----------+-------------------------------------------
     0 | D:1      | Iko the Gnoll Transmuter began the quest for the Orb.
     0 | D:1      | Reached XP level 1. HP: 17/17 MP: 6/6
   275 | D:2      | Reached XP level 2. HP: 22/23 MP: 7/7
   293 | D:2      | Found a basalt altar of Yredelemnul.
   317 | D:2      | Became a worshipper of Yredelemnul the Dark
   318 | D:2      | Gained mutation: Your spells are a little harder to cast, but a little more powerful. [potion of mutation]
   318 | D:2      | Gained mutation: You have a pair of small antennae on your head. [potion of mutation]
   318 | D:2      | Gained mutation: You are dopey. (Int -2) [potion of mutation]
   318 | D:2      | Gained mutation: You are robust. (+10% HP) [potion of mutation]
   408 | D:1      | Learned a level 2 spell: Sticks to Snakes
   756 | D:3      | Reached XP level 3. HP: 14/30 MP: 9/9
   810 | D:4      | Reached skill level 5 in Spellcasting
   810 | D:4      | Reached skill level 1 in Invocations
   960 | D:4      | Found a transporter.
   969 | D:4      | Slain by a gnoll

Skill      XL: |  1  2  3 |
---------------+----------+-----
Spellcasting   | 5 |  5.0
Invocations    | 1 |  1.0
Fighting       | |  2.6
Short Blades   | |  0.9
Long Blades    | |  0.9
Axes           | |  0.9
Maces & Flails | |  0.9
Polearms       | |  0.9
Staves         | |  0.9
Slings         | |  0.9
Bows           | |  0.9
Crossbows      | |  0.9
Throwing       | |  0.9
Armour         | |  0.9
Dodging        | |  4.5
Stealth        | |  0.9
Shields        | |  0.9
Unarmed Combat | |  6.5
Conjurations   | |  0.6
Hexes          | |  0.6
Charms         | |  0.6
Summonings     | |  0.6
Necromancy     | |  0.6
Translocations | |  0.6
Transmutations | |  3.8
Fire Magic     | |  0.6
Ice Magic      | |  0.6
Air Magic      | |  0.6
Earth Magic    | |  0.6
Poison Magic   | |  0.6
Evocations     | |  0.9

Action                   || total
-------------------------++-------
Melee: Whip              ||     8
       Short sword       ||    57
       Unarmed           ||     5
       Kick              ||     2
       Bite              ||     3
       Punch             ||     1
       Mace              ||     1
 Cast: Beastly Appendage ||     1
  Use: Potion            ||     5
       Scroll            ||     3
 Stab: Sleeping          ||     1
Armor: Robe              ||     9
       Plate armour      ||    30
Dodge: Dodged            ||    32
